 Dungeon Crawl Stone Soup version 0.18-a0-1186-gd02dc51 (webtiles) character file.

824 M4edhros the Sneak (level 7, 0/43 HPs)
             Began as an Octopode Artificer on Jan 27, 2016.
             Succumbed to a worker ant's poison
             ... on level 4 of the Dungeon on Jan 28, 2016.
             The game lasted 00:06:54 (2623 turns).

M4edhros the Sneak (Octopode Artificer)             Turns: 2623, Time: 00:06:54

Health: 0/43       AC:  1    Str: 11    XL:     7   Next: 96%
Magic:  11/11      EV: 14    Int: 16    God:
Gold:   112        SH:  0    Dex: 12    Spells: 0 memorised, 6 levels left

rFire  . . .     SeeInvis +     k - +0 short sword (freeze)
rCold  . . .     Gourm    .     (no shield)
rNeg   . . .     Faith    .     (helmet restricted)
rPois  .         Spirit   .     y - amulet of dismissal
rElec  .         Dismiss  +     m - ring of protection from magic
rCorr  +         Reflect  .     n - ring of see invisible
SustAt .         Harm     .     w - ring of resist corrosion
MR     +....                    (no ring)
Stlth  +++++.....               (no ring)
                                (no ring)
                                (no ring)
                                (no ring)

@: lethally poisoned (0 -> -1), drained, somewhat resistant to hostile
enchantments, quite stealthy
A: almost no armour, amphibious, 8 rings, constrict 8, camouflage 1, gelatinous
body 1
a: no special abilities


You were on level 4 of the Dungeon.
You were not hungry.

You visited 1 branch of the dungeon, and saw 5 of its levels.

You collected 112 gold pieces.

Inventory:

Hand Weapons
 k - a +0 short sword of freezing (weapon)
Missiles
 g - 6 poisoned javelins (quivered)
 i - 60 stones
 o - 9 steel sling bullets
Jewellery
 m - a ring of protection from magic (left tentacle)
 n - a ring of see invisible (right tentacle)
 w - a ring of resist corrosion (on tentacle)
 y - an amulet of dismissal (around mantle)
 A - an uncursed amulet of harm
Wands
 b - a wand of flame (11/48)
 c - a wand of enslavement (10/24)
 d - a wand of random effects (6/48)
Scrolls
 e - 3 scrolls of identify {unknown}
 h - a scroll of remove curse {unknown}
 j - a scroll of enchant weapon {unknown}
 p - 2 scrolls of magic mapping {unknown}
 r - 2 scrolls of enchant armour {unknown}
 v - a scroll of fear {unknown}
 z - a scroll of teleportation {unknown}
Books
 x - a book of Enchantments

   Spells                             Type                      Level
   a - Cause Fear                     Hexes                        4
   b - Yara's Violent Unravelling     Hexes/Transmutation          5
   c - Silence                        Hexes/Air                    5
   d - Deflect Missiles               Charms/Air                   6
   e - Haste                          Charms                       6
   f - Discord                        Hexes                        8
Comestibles
 f - 2 bread rations


   Skills:
 - Level 1.0(0.2) Fighting
 - Level 1.0(0.2) Short Blades
 * Level 5.8(4.9) Dodging
 * Level 7.7(6.8) Stealth
 + Level 5.3(4.5) Evocations


You had 6 spell levels left.
You didn't know any spells.

Dungeon Overview and Level Annotations

Branches:
Dungeon (5/15)
 Temple: D:4-7

Altars:
Ru
Trog

Annotations:
D:3 derval's ghost, novice MfSk
D:5 2 runed doors


Innate Abilities, Weirdness & Mutations

You cannot wear most types of armour.
You are amphibious.
You can wear up to eight rings at the same time.
You can use your tentacles to constrict eight enemies at once.
Your skin changes colour to match your surroundings (Stealth).
Your rubbery body absorbs attacks (AC +1).


Message History

* * * LOW HITPOINT WARNING * * *
You feel sick.
* * * LOW HITPOINT WARNING * * *
You feel sick.
Things that are here:
a club; a leather armour
* * * LOW HITPOINT WARNING * * *
You feel sick.
Things that are here:
a dagger; a robe; an orc corpse
There is a stone staircase leading down here.
* * * LOW HITPOINT WARNING * * *
You feel sick.
There is a stone staircase leading down here.
Things that are here:
a dagger; a robe; an orc corpse
Things that are here:
a club; a leather armour Unknown command.
You die...

.....# #....####....# #.
#.#..######.......'....# #.
.....#.........####....# #.
...#........[....##....#########.
...#.#.......###.###.............
...#....[....# #.# #.)###########
#............# #.# #..#
#####........###.###..#
'.........[†....@))>..#
###....###.#.###.#....#
##..<............#....#
##.....)...#.#####..#.#
##.#.......#.# #..#.#
.....##..#.#.# #..#.#
.....###.#.#.# #..#.# .....#
#.#.#'### #..#.#
.....###.#.....###..#.#


There were no monsters in sight!

Vanquished Creatures
  Pikel (D:4)
  A crimson imp (D:5)
  A hound (D:4)
  A gnoll shaman (D:4)
  3 orc wizards
  2 worker ants (D:4)
  4 adders
  3 gnolls (D:4)
  2 oozes
  An adder skeleton (D:4)
  2 worms (D:2)
  2 giant geckos
  9 orcs
  A ball python (D:4)
  5 bats
  A giant cockroach (D:4)
  3 goblins
  A hobgoblin (D:2)
  5 jackals (D:4)
  2 kobolds (D:2)
  5 quokkas
  4 giant newts
  A rat (D:1)
60 creatures vanquished.

Vanquished Creatures (collateral kills)
  An orc (D:5)
1 creature vanquished.

Vanquished Creatures (others)
  A water moccasin skeleton (D:4)
  A worker ant (D:5)
  An adder (D:4)
  3 orcs (D:4)
  3 jackals (D:4)
  A rat (D:4)
10 creatures vanquished.

Grand Total: 71 creatures vanquished

Notes
Turn   | Place    | Note
--------------------------------------------------------------
     0 | D:1      | M4edhros the Octopode Artificer began the quest for the Orb.
     0 | D:1      | Reached XP level 1. HP: 13/13 MP: 3/3
    51 | D:2      | Reached XP level 2. HP: 18/18 MP: 4/4
    61 | D:2      | Reached XP level 3. HP: 23/23 MP: 5/5
   464 | D:2      | Found a bloodstained altar of Trog.
   481 | D:2      | Found a faded altar to an unknown god.
   641 | D:3      | Reached XP level 4. HP: 28/28 MP: 6/6
   700 | D:4      | Reached skill level 4 in Stealth
   930 | D:4      | Reached XP level 5. HP: 33/33 MP: 8/8
  1164 | D:4      | Noticed a slave
  1164 | D:4      | Noticed a slave
  1172 | D:4      | Noticed Pikel
  1172 | D:4      | Noticed a slave
  1373 | D:3      | Noticed derval's ghost (novice MfSk)
  1417 | D:4      | Killed Pikel
  1417 | D:4      | Reached skill level 5 in Dodging
  1417 | D:4      | Reached skill level 7 in Stealth
  1417 | D:4      | Reached skill level 5 in Evocations
  1417 | D:4      | Reached XP level 6. HP: 38/38 MP: 9/9
  1417 | D:4      | Reached XP level 7. HP: 43/43 MP: 10/10
  1945 | D:5      | Entered Level 5 of the Dungeon
  1993 | D:5      | Found a sacrificial altar of Ru.
  2045 | D:5      | Found a runed door.
  2083 | D:5      | Found a runed door.
  2370 | D:4      | Upgraded the game from 0.18-a0-1180-g64ccc1e to 0.18-a0-1186-gd02dc51
  2609 | D:4      | HP: 2/43 [poisoned by a worker ant]
  2615 | D:4      | HP: 1/43 [poisoned by a worker ant]
  2623 | D:4      | Succumbed to a worker ant's poison

Vault maps used:
D:1:      dpeg_arrival_tiny_a
D:2:      nicolae_overflow_quartered_altars, ecumenical_altar_1
D:3:      grunt_ministairs_1
D:4:      uniq_pikel
D:5:      lemuel_insect_pit, lemuel_doored_altar,
          minmay_temple_entry_statues_fountains, first_bread

Action                   |  1- 3 |  4- 6 |  7- 9 || total
-------------------------+-------+-------+-------++-------
Melee: Short sword       |    52 |    28 |    44 ||   124
Throw: Javelin           |     2 |       |       ||     2
Evoke: Wand              |     2 |     6 |    10 ||    18
  Use: Potion            |       |       |     6 ||     6
 Stab: Paralysed         |     3 |       |       ||     3
       Sleeping          |     7 |     4 |     9 ||    20
  Eat: Chunk             |       |     1 |     2 ||     3
       Meat ration       |       |       |     1 ||     1
